 Dungeon Crawl Stone Soup version 0.27-a0-1118-ga84896973d (webtiles) character file.

Game seed: 12419553305545455852

21944 Palkar the Geomancer (level 12, -1/71 HPs)
             Began as a Gargoyle Earth Elementalist on May 2, 2021.
             Was an Elder of Vehumet.
             Engulfed by an ice statue's freezing vapour (6 damage)
             ... in an ice cave.
             The game lasted 00:36:53 (15530 turns).

Palkar the Geomancer (Gargoyle Earth Elementalist) Turns: 15530, Time: 00:36:54

Health: -1/71      AC: 22    Str: 13    XL:     12   Next: 95%
Magic:  5/24       EV: 12    Int: 20    God:    Vehumet [****..]
Gold:   861        SH:  0    Dex: 10    Spells: 4/27 levels left

rFire    x . .     SeeInvis .   c - +8 flail (protect)
rCold    + + .     Faith    .   (no shield)
rNeg     + . .     Spirit   .   r - +3 leather armour {rF+}
rPois    ∞         Reflect  .   (helmet restricted)
rElec    +         Harm     .   d - +2 cloak
rCorr    .         Rampage  .   q - +1 pair of gloves
Will     .....     Rnd*Tele +   H - +0 pair of boots
Stlth    ++........             (no amulet)
HPRegen  0.21/turn              t - ring of ice
MPRegen  0.19/turn              u - ring of ice

@: very slightly contaminated, invisible
A: AC +8, negative energy resistance 1, electricity resistance, torment
resistance 1, unbreathing 1, petrification resistance, antennae 1, teleportitis
1, wild magic 1
a: Renounce Religion


You were in an ice cave.
You worshipped Vehumet.
Vehumet was greatly pleased with you.
You visited 2 branches of the dungeon, and saw 12 of its levels.
You also visited: Sewer, Bailey and Ice Cave.

You collected 1649 gold pieces.
You spent 788 gold pieces at shops.

Inventory:

Hand Weapons
 a - the +7 mace of Variability {chain chaos}
   (You found it on level 9 of the Dungeon)

   Each time it hits an enemy it has a different, random effect.
 c - a +8 flail of protection (weapon)
 B - a +4 flail
Missiles
 b - 249 stones
 k - 5 atropa-tipped darts
 x - a curare-tipped dart
Armour
 d - a +2 cloak (worn)
 q - a +1 pair of gloves (worn)
 r - a +3 leather armour of fire resistance (worn)
 H - a +0 pair of boots (worn)
Jewellery
 l - a ring of positive energy
 t - a ring of ice (left hand)
 u - a ring of ice (right hand)
 A - a +4 ring of evasion
 D - an amulet of magic regeneration
Wands
 o - a wand of flame (29)
Scrolls
 i - 2 scrolls of amnesia
 j - a scroll of immolation
 s - a scroll of fear
 y - 3 scrolls of summoning
 G - a scroll of holy word
Potions
 e - 2 potions of invisibility
 h - 2 potions of lignification
 n - a potion of haste
 p - 5 potions of curing
 w - 4 potions of berserk rage
 E - a potion of flight
 I - a potion of brilliance
Miscellaneous
 g - a piece from Xom's chessboard (15/15)
 F - a condenser vane (inert)


   Skills:
 + Level 6.8 Fighting
 + Level 6.2 Maces & Flails
 + Level 5.6 Throwing
 - Level 6.0 Armour
 + Level 3.8 Dodging
 - Level 2.1 Stealth
 + Level 8.3 Spellcasting
 + Level 9.2 Conjurations
 - Level 0.7 Transmutations
 * Level 4.0 Fire Magic
 + Level 11.2 Earth Magic
 + Level 5.6 Evocations


You had 4 spell levels left.
You knew the following spells:

 Your Spells              Type           Power      Damage    Failure   Level
a - Sandblast             Erth           100%       2d20      1%          1
b - Stone Arrow           Conj/Erth      100%       3d13      1%          3
c - Lee's Rapid Deconstr  Erth           31%        3d17*     1%          5
d - Iron Shot             Conj/Erth      29%        9d6       9%          6
e - Bolt of Magma         Conj/Fire/Erth 26%        4d12      4%          5
f - Mephitic Cloud        Conj/Pois/Air  26%        N/A       3%          3

Your spell library contained the following spells:

 Spells                   Type           Power      Damage    Failure   Level
 Iskenderun's Mystic Bla  Conj/Tloc      34%        2d8       6%          4
 Conjure Flame            Conj/Fire      45%        6-21      1%          3
 Passwall                 Tmut/Erth      35%        N/A       2%          2
 Dazzling Flash           Conj/Hex       68%        N/A       2%          3
 Poisonous Vapours        Pois/Air       20%        N/A       6%          2
 Beastly Appendage        Tmut           28%        N/A       12%         1
 Petrify                  Tmut/Erth      42%        N/A       13%         4
 Apportation              Tloc           20%        N/A       16%         1
 Corona                   Hex            11%        N/A       16%         1
 Summon Small Mammal      Summ           40%        N/A       16%         1
 Wereblood                Tmut           14%        N/A       17%         2
 Call Imp                 Summ           10%        N/A       22%         2
 Ensorcelled Hibernation  Hex/Ice        48%        N/A       22%         2
 Spider Form              Tmut/Pois      6%         N/A       34%         3
 Call Canine Familiar     Summ           10%        N/A       38%         3
 Confusing Touch          Hex            10%        N/A       38%         3
 Lesser Beckoning         Tloc           5%         N/A       38%         3
 Summon Guardian Golem    Hex/Summ       10%        N/A       38%         3
 Tukima's Dance           Hex            10%        N/A       38%         3
 Ice Form                 Ice/Tmut       28%        N/A       73%         4
 Summon Ice Beast         Ice/Summ       24%        N/A       78%         4
 Summon Lightning Spire   Summ/Air       10%        N/A       78%         4
 Iskenderun's Battlesphe  Conj           56%        2d11      2%          5
 Orb of Destruction       Conj           28%        9d11      47%         7
 Freezing Cloud           Conj/Ice/Air   28%        6-21      75%         6
 Hydra Form               Tmut           7%         N/A       95%         5
 Alistair's Intoxication  Tmut/Pois      8%         N/A       96%         5
 Spellforged Servitor     Conj/Summ      17%        N/A       96%         7
 Invisibility             Hex            10%        N/A       100%        6


Dungeon Overview and Level Annotations

Branches:
Dungeon (11/15)            Temple (1/1) D:5            Lair (0/6) D:9
    Orc (0/2) D:9           Sewer (visited)          Bailey (visited)
  IceCv (1/1)

Altars:
Ashenzari
Cheibriados
Dithmenos
Elyvilon
Fedhas
Gozag
Hepliaklqana
Kikubaaqudgha
Makhleb
Nemelex Xobeh
Okawaru
Qazlal
Ru
Sif Muna
Trog
Uskayaw
Vehumet
Wu Jian
Xom
Yredelemnul
Zin
The Shining One

Shops:
D:4 :::   D:7 *   D:11 (

Annotations:
IceCv exclusion: ice statue


Innate Abilities, Weirdness & Mutations

Your stone body is resilient. (AC +8)
You are immune to poison.
You resist negative energy. (rN+)
You are resistant to electric shocks. (rElec)
You are resistant to unholy torment.
You can survive without breathing.
You are immune to petrification.
You have a pair of small antennae on your head.
You are occasionally teleported next to monsters.
Your spells are a little harder to cast, but a little more powerful.


Message History

Casting: Bolt of Magma (dangerous; 4% risk of failure)
Confirm with . or Enter, or press ? or * to list all spells.
Aiming: Lee's Rapid Deconstruction (dangerous; 1% risk of failure)
Press: ? - help, Dir - move target, f - ice statue Fragment what (e.g. wall or brittle monster)?: an ice statue (unaware, hasn't noticed you)
The ice statue shatters!
The ice statue is lightly damaged.
The wolf howls!
The polar bear bites you!
The polar bear claws you but does no damage.
The polar bear closely misses you. The polar bear bites you!
* * * LOW HITPOINT WARNING * * *
The polar bear closely misses you. The polar bear misses you.
Unknown command.
You fade into invisibility!
The polar bear bites you!
* * * LOW HITPOINT WARNING * * *
The polar bear barely misses you.
The polar bear claws you but does no damage.
The polar bear closely misses you. The polar bear barely misses you.
The polar bear claws you but does no damage.
You are very lightly contaminated with residual magic.
The ice statue gestures at you.
The polar bear is engulfed in freezing vapours.
Okay, then.
Unknown command.
You feel much better. You resist.
The polar bear is engulfed in freezing vapours.
Okay, then.
Unknown command.
You resist.
The ice statue gestures at the polar bear.
The shard of ice hits you!! You partially resist.
* * * LOW HITPOINT WARNING * * *
The polar bear is engulfed in freezing vapours.
The polar bear bites you.
* * * LOW HITPOINT WARNING * * *
The polar bear barely misses you. The polar bear closely misses you.
You resist.
You die...

#...## ##...## ##
#....## #.# #.....#
### 8.###....####..
#...###....##...
##.○...##.......#.
##○°....##......###
#°@# ....#...### #
##°## .......## #h#
#.h# #........ #..
#h## #.......# ..#
##Y○# ##.....## #..
#hh## #....# #.h#
#..# #.{##..#
#..#†.##


You could see an ice statue, 3 polar bears, a yak and a wolf.

Vanquished Creatures
  A boulder beetle (D:8)
  A hydra (D:11)
  Erica (D:10)
  2 centaur warriors (D:8)
  A catoblepas (D:8)
  4 two-headed ogres
  3 orc knights (Bailey)
  A manticore (D:8)
  A cyclops (D:9)
  An elephant (D:9)
  A rust devil (D:5)
  An unseen horror (D:8)
  2 trolls
  7 polar bears (IceCv)
  2 hornets
  A slime creature (D:8)
  2 vampires
  A wraith (D:11)
  20 yaks
  3 wyverns
  2 basilisks (D:9)
  4 chaos spawn (D:9)
  2 acid dragons
  Edmund (D:4)
  3 water moccasins
  An ice beast (D:7)
  10 orc warriors
  A sky beast (D:4)
  A necrophage (D:8)
  4 centaurs
  6 wolves
  A kobold brigand (D:8)
  4 bullfrogs
  A wyvern zombie (D:8)
  3 scorpions
  5 wights
  6 howler monkeys
  A bullfrog zombie (D:5)
  5 centaur zombies
  11 orc priests
  Crazy Yiuf (D:2)
  A centaur skeleton (D:5)
  2 gnoll shamans
  2 hounds
  2 jellies
  2 bullfrog skeletons
  3 iguanas
  Natasha (thrice) (D:3)
  2 orc wizards
  A killer bee zombie (D:6)
  7 gnolls
  A howler monkey skeleton (D:7)
  14 adders
  2 worms
  3 dart slugs
  71 orcs
  6 ball pythons
  2 bats
  7 endoplasms
  3 giant cockroaches
  12 goblins
  3 hobgoblins
  10 jackals
  12 kobolds
  7 quokkas
  2 frilled lizards
  6 rats
315 creatures vanquished.

Vanquished Creatures (others)
  A human (D:7)
  14 plants (D:5)
15 creatures vanquished.

Grand Total: 330 creatures vanquished

Notes
Turn   | Place    | Note
-------+----------+-------------------------------------------
     0 | D:1      | Palkar the Gargoyle Earth Elementalist began the quest for
                  | the Orb.
     0 | D:1      | Reached XP level 1. HP: 10/10 MP: 3/3
   185 | D:1      | Reached skill level 4 in Earth Magic
   301 | D:1      | Reached XP level 2. HP: 6/15 MP: 3/5
  1138 | D:2      | Reached XP level 3. HP: 18/19 MP: 0/6
  1173 | D:2      | Reached skill level 5 in Earth Magic
  1365 | D:2      | Learned a level 3 spell: Stone Arrow
  1509 | D:2      | Found a runed translucent door.
  1510 | D:2      | Noticed Crazy Yiuf
  1556 | D:2      | Killed Crazy Yiuf
  1557 | D:2      | Reached XP level 4. HP: 17/24 MP: 1/8
  1665 | D:2      | Reached skill level 1 in Conjurations
  2378 | D:3      | Found a glowing drain.
  2384 | D:3      | Reached XP level 5. HP: 23/28 MP: 6/9
  2421 | Sewer    | Entered a sewer
  2428 | Sewer    | Learned a level 5 spell: Lee's Rapid Deconstruction
  2578 | Sewer    | Noticed a water moccasin
  2593 | Sewer    | Killed a water moccasin
  2944 | D:3      | Reached skill level 6 in Earth Magic
  3043 | D:3      | Reached XP level 6. HP: 21/32 MP: 11/11
  3255 | D:3      | Noticed Natasha
  3256 | D:3      | Killed Natasha
  3395 | D:3      | Noticed Natasha
  3403 | D:3      | Killed Natasha
  3910 | D:3      | Noticed Natasha
  3911 | D:3      | Killed Natasha
  3912 | D:3      | Reached XP level 7. HP: 36/36 MP: 11/13
  4332 | D:4      | Found Focaoq's Book Emporium.
  4619 | D:4      | Found Fuhane's Book Emporium.
  4624 | D:4      | Found Giujet's Book Boutique.
  4885 | D:4      | Reached skill level 7 in Earth Magic
  5242 | D:4      | Noticed Edmund
  5262 | D:4      | Killed Edmund
  5632 | D:5      | Entered Level 5 of the Dungeon
  5678 | D:5      | Reached skill level 5 in Spellcasting
  5678 | D:5      | Reached XP level 8. HP: 41/41 MP: 15/15
  5701 | D:5      | Reached skill level 5 in Conjurations
  5945 | D:5      | Noticed an angel
  5969 | D:5      | Found a staircase to the Ecumenical Temple.
  5984 | Temple   | Entered the Ecumenical Temple
  5993 | Temple   | Became a worshipper of Vehumet
  6109 | D:5      | Noticed a rust devil
  6587 | D:5      | Killed a rust devil
  6588 | D:5      | Reached skill level 8 in Earth Magic
  7053 | D:6      | Reached skill level 1 in Fighting
  7054 | D:6      | Reached skill level 1 in Maces & Flails
  7054 | D:6      | Reached skill level 1 in Armour
  7147 | D:6      | Reached XP level 9. HP: 41/47 MP: 15/17
  7148 | D:6      | Reached skill level 1 in Throwing
  7373 | D:6      | Reached skill level 1 in Evocations
  7485 | D:6      | Found a white marble altar of Elyvilon.
  7635 | D:6      | Found a glowing silver altar of Zin.
  7635 | D:6      | Found a sparkling altar of Nemelex Xobeh.
  7925 | D:7      | You fall into a shaft and drop 2 floors!
  7925 | D:9      | Found a staircase to the Lair.
  7926 | D:9      | Noticed an elephant
  7949 | D:9      | Killed an elephant
  7950 | D:9      | Reached skill level 9 in Earth Magic
  8166 | D:9      | Gained mutation: You are occasionally teleported next to
                  | monsters. [potion of mutation]
  8166 | D:9      | Gained mutation: Your spells are a little harder to cast,
                  | but a little more powerful. [potion of mutation]
  8166 | D:9      | Gained mutation: You have a pair of small antennae on your
                  | head. [potion of mutation]
  8181 | D:9      | Noticed a cyclops
  8192 | D:9      | Killed a cyclops
  8276 | D:9      | Reached XP level 10. HP: 49/56 MP: 1/19
  8389 | D:9      | Found a shimmering altar of Xom.
  8392 | D:9      | Found the +7 mace of Variability {chain chaos}
  8481 | D:9      | Noticed a two-headed ogre
  8550 | D:9      | Killed a two-headed ogre
  8743 | D:8      | Reached * piety under Vehumet
  8743 | D:8      | Offered knowledge of Magic Dart by Vehumet.
  8754 | D:8      | Noticed a catoblepas
  8880 | D:8      | Found a flagged portal.
  8892 | Bailey   | Entered a bailey
  9135 | Bailey   | Learned a level 3 spell: Mephitic Cloud
  9421 | Bailey   | Offered knowledge of Shock by Vehumet.
  9421 | Bailey   | Reached ** piety under Vehumet
  9548 | Bailey   | Noticed an orc knight
  9548 | Bailey   | Noticed an orc knight
  9557 | Bailey   | Killed an orc knight
  9559 | Bailey   | Killed an orc knight
  9560 | Bailey   | Reached skill level 10 in Earth Magic
  9561 | Bailey   | Noticed an orc knight
  9578 | Bailey   | Killed an orc knight
  9579 | Bailey   | Reached XP level 11. HP: 39/62 MP: 3/21
  9833 | D:7      | Identified a scroll of acquirement
  9833 | D:7      | Acquired 763 gold pieces
 10072 | D:7      | Found Locziusch's Island Escapes.
 10087 | D:7      | Found an ancient bone altar of Kikubaaqudgha.
 10130 | D:7      | Bought a scroll of blinking for 120 gold pieces
 10130 | D:7      | Bought a potion of invisibility for 128 gold pieces
 10693 | D:4      | Bought a book of Power for 540 gold pieces
 10700 | D:4      | Learned a level 6 spell: Iron Shot
 10706 | D:4      | Learned a level 5 spell: Bolt of Magma
 10971 | D:8      | Noticed a centaur warrior
 10990 | D:8      | Killed a catoblepas
 10991 | D:8      | Reached skill level 5 in Fighting
 10991 | D:8      | Reached skill level 5 in Armour
 11001 | D:8      | Killed a centaur warrior
 11054 | D:8      | Noticed a two-headed ogre
 11225 | D:8      | Offered knowledge of Inner Flame by Vehumet.
 11249 | D:8      | Killed a two-headed ogre
 11361 | D:8      | Noticed a manticore
 11368 | D:8      | Noticed a two-headed ogre
 11371 | D:8      | Noticed a boulder beetle
 11374 | D:8      | Killed a manticore
 11377 | D:8      | Found a shadowy altar of Dithmenos.
 11377 | D:8      | Found a shimmering altar of Xom.
 11632 | D:8      | Reached *** piety under Vehumet
 11648 | D:8      | Reached skill level 5 in Maces & Flails
 11670 | D:8      | Killed a two-headed ogre
 12161 | D:8      | Killed a boulder beetle
 12659 | D:8      | Noticed a centaur warrior
 12677 | D:8      | Killed a centaur warrior
 12678 | D:8      | Reached XP level 12. HP: 56/69 MP: 23/23
 12912 | D:9      | Identified the +6 war axe of Plague {drain, Str+3}
 13070 | D:9      | Reached skill level 5 in Evocations
 13315 | D:9      | Offered knowledge of Olgreb's Toxic Radiance by Vehumet.
 13483 | D:9      | Found a staircase to the Orcish Mines.
 13745 | D:9      | Found a stormy altar of Qazlal.
 13824 | D:10     | Entered Level 10 of the Dungeon
 13928 | D:10     | Reached skill level 1 in Fire Magic
 14115 | D:10     | Noticed a two-headed ogre
 14121 | D:10     | Killed a two-headed ogre
 14122 | D:10     | Reached skill level 5 in Throwing
 14213 | D:10     | Noticed Erica
 14218 | D:10     | Killed Erica
 14228 | D:10     | Reached **** piety under Vehumet
 14229 | D:10     | Reached skill level 11 in Earth Magic
 14864 | D:11     | Found Edofal's Weapon Emporium.
 14997 | D:11     | Offered knowledge of Iskenderun's Mystic Blast by Vehumet.
 14999 | D:11     | Noticed an eight-headed hydra
 15011 | D:11     | Killed an eight-headed hydra
 15037 | D:11     | Found a frozen archway.
 15070 | D:11     | Noticed an ice dragon
 15075 | IceCv    | Entered an ice cave
 15530 | IceCv    | Engulfed by an ice statue's freezing vapour

Illustrated notes

Levels and vault maps discovered:
D:1:      matt_arrival_diagonals, layout_basic
D:2:      layout_basic, kennysheep_generic_room_10, uniq_crazy_yiuf_cottage
D:3:      layout_loops_corners, serial_rivers, chequers_serial_rivers_micro_b,
          chequers_serial_rivers_small_a, chequers_serial_rivers_large_b,
          chequers_serial_rivers_micro_c, chequers_serial_rivers_micro_b,
          chequers_serial_rivers_small_b, gup_sewer_entry_bubbles,
          minmay_snake_closets, uniq_natasha
D:4:      layout_rooms, serial_shops, shop, shop_statue, shop, uniq_edmund
D:5:      layout_basic, temple_garden, hellmonk_bongcloud_opening
D:6:      layout_loops_cross, gammafunk_temple_overflow_elements,
          lemuel_crystal_altar, minmay_between
D:7:      layout_cave_pools, tgw_kikubaaqudgha, nicolae_island_escapes
D:8:      hangedman_cross_veins, layout_basic, nicolae_overflow_hidden_temple,
          enter_bailey_5
D:9:      layout_roguey, lemuel_coloured_pillars_altar, david_lair_generic,
          hiddenorc1_lemuel, roderic_cross_of_infinity, minivault_25_ag,
          corner_web_ring, nicolae_lava_and_water, abandoned_shop,
          minmay_guarded_unrand_variability
D:10:     layout_cave_pools, uniq_erica
D:11:     layout_rooms, serial_shops, shop,
          portal_ice_cave_entry_animals_and_master
Temple:   minmay_freezing_vapour_temple
IceCv:    ice_cave_small_giant

Skill      XL: |  1  2  3  4  5  6  7  8  9 10 11 12 |
---------------+-------------------------------------+-----
Earth Magic    | 4 5 6 7 8 9 10 11 | 11.2
Conjurations   | 1 2 3 4 6 7 8 9 |  9.2
Spellcasting   | 3 4 5 6 7 8 |  8.3
Fighting       | 1 3 4 5 6 |  6.8
Maces & Flails | 1 2 4 5 6 |  6.2
Armour         | 1 3 4 5 6 |  6.0
Throwing       | 2 3 4 5 |  5.6
Evocations     | 2 3 4 5 |  5.6
Dodging        | 2 3 |  3.8
Fire Magic     | 4 |  4.0
Stealth        | |  2.1
Transmutations | |  0.7

Action                   |  1- 3 |  4- 6 |  7- 9 | 10-12 || total
-------------------------+-------+-------+-------+-------++-------
Melee: Rapier            |    80 |     1 |       |       ||    81
       Mace              |       |   117 |   190 |   145 ||   452
       Flail             |       |       |       |   117 ||   117
       Great mace        |       |       |       |    10 ||    10
 Cast: Sandblast         |    13 |    11 |    55 |    53 ||   132
       Stone Arrow       |     1 |     1 |    12 |    62 ||    76
       Lee's Rapid Decon |       |     1 |     1 |    17 ||    19
       Bolt of Magma     |       |       |       |    53 ||    53
Evoke: Wand              |       |       |     1 |    27 ||    28
       Piece from Xom's  |       |       |       |     1 ||     1
       Condenser vane    |       |       |       |     1 ||     1
  Use: Scroll            |     1 |     7 |     5 |    20 ||    33
       Potion            |     1 |     3 |     3 |     8 ||    15
 Stab: Sleeping          |     1 |     6 |     6 |       ||    13
       Distracted        |       |       |       |     2 ||     2
Armor: Robe              |    35 |    49 |    28 |       ||   112
       Leather armour    |       |       |   104 |   267 ||   371
Dodge: Dodged            |    60 |    97 |   183 |   342 ||   682

Table legend: (Time is in decaauts)
 A = Elapsed time spent in this place.
 B = Non-inter-level travel time spent in this place.
 C = Inter-level travel time spent in this place.
 D = Time resting spent in this place.
 E = Time spent auto-exploring this place.
 F = Levels seen in this place.
 G = Mean time per level.
                   A        B        C        D        E       F      G
               +--------+--------+--------+--------+--------+-----+--------+
         Total |  15805 |  15284 |    521 |   3542 |   8967 |  15 | 1053.7 |
       Dungeon |  13978 |  13462 |    516 |   2351 |   8745 |  11 | 1270.7 |
        Temple |     14 |      9 |      5 |      0 |      0 |   1 |   14.0 |
         Sewer |    479 |    479 |      0 |    241 |    157 |   1 |  479.0 |
        Bailey |    878 |    878 |      0 |    630 |     28 |   1 |  878.0 |
      Ice Cave |    455 |    455 |      0 |    320 |     36 |   1 |  455.0 |
               +--------+--------+--------+--------+--------+-----+--------+

Top non-repeatable levels by time:
     D:8: 1905 daAuts
     D:3: 1761 daAuts
     D:9: 1700 daAuts
     D:7: 1444 daAuts
     D:4: 1384 daAuts
     D:5: 1188 daAuts
     D:1: 1140 daAuts
     D:2: 1116 daAuts
     D:6: 1080 daAuts
    D:10: 1045 daAuts
  Bailey: 878 daAuts
   Sewer: 479 daAuts
   IceCv: 455 daAuts
    D:11: 211 daAuts
  Temple: 14 daAuts
